 Dungeon Crawl Stone Soup version 0.27-a0-1232-gc6a4cbde82 (webtiles) character file.

Game seed: 15843119634986337953

855 pokeman the Thaumaturge (level 7, 0/38 HPs)
             Began as a Deep Elf Hedge Wizard on June 8, 2021.
             Was an Initiate of Vehumet.
             Succumbed to poison (poison gas)
             ... on level 4 of the Dungeon.
             The game lasted 00:11:28 (5422 turns).

pokeman the Thaumaturge (Deep Elf Hedge Wizard)     Turns: 5422, Time: 00:11:29

Health: 0/38       AC:  5    Str:  7    XL:     7   Next: 70%
Magic:  16/21      EV: 12    Int: 21    God:    Vehumet [......]
Gold:   181        SH:  0    Dex: 14    Spells: 11/23 levels left

rFire    . . .     SeeInvis .   q - staff of conjuration
rCold    + + .     Faith    .   (no shield)
rNeg     . . .     Spirit   .   x - +2 leather armour {rC+}
rPois    .         Reflect  .   c - +0 hat
rElec    .         Harm     .   y - scarf {repulsion}
rCorr    .         Rampage  .   (no gloves)
Will     .....                  (no boots)
Stlth    ++........             k - amulet of regeneration
HPRegen  1.12/turn              h - ring of protection from cold
MPRegen  0.17/turn              (no ring)

@: lethally poisoned (0 -> -14), repel missiles
A: no striking features
a: Renounce Religion


You were on level 4 of the Dungeon.
You worshipped Vehumet.
Vehumet was noncommittal.
You visited 2 branches of the dungeon, and saw 6 of its levels.

You collected 181 gold pieces.

Inventory:

Hand Weapons
 r - a +2 dagger of venom
 A - a +0 shortbow
Missiles
 b - 77 arrows
 v - 31 bolts
Armour
 c - a +0 hat (worn)
 x - a +2 leather armour of cold resistance (worn)
 y - a scarf of repulsion (worn)
Magical Staves
 q - a staff of conjuration (weapon)
Jewellery
 h - a ring of protection from cold (left hand)
 k - an amulet of regeneration (around neck)
Scrolls
 a - a scroll of immolation {unknown}
 e - a scroll of torment {unknown}
 f - a scroll of holy word {unknown}
 g - 2 scrolls of fog {unknown}
 j - a scroll of acquirement {unknown}
 o - a scroll of brand weapon {unknown}
 p - 5 scrolls of teleportation {unknown}
 s - a scroll of enchant armour {unknown}
 t - 2 scrolls of identify {unknown}
 u - a scroll of enchant weapon {unknown}
Potions
 d - a potion of brilliance {unknown}
 i - 2 potions of resistance
 l - a potion of ambrosia {unknown}
 m - 2 potions of flight {unknown}
 n - a potion of mutation {unknown}
 w - a potion of attraction {unknown}
 z - a potion of curing


   Skills:
 + Level 1.3 Fighting
 - Level 1.0 Armour
 - Level 4.0 Dodging
 - Level 3.0 Stealth
 * Level 8.5 Spellcasting
 + Level 4.2 Conjurations
 - Level 1.1 Summonings
 - Level 1.1 Translocations
 + Level 2.4 Fire Magic
 - Level 1.0 Air Magic
 - Level 2.0 Poison Magic
 - Level 1.0 Evocations


You had 11 spell levels left.
You knew the following spells:

 Your Spells              Type           Power      Damage    Failure   Level
a - Magic Dart            Conj           100%       1d8       1%          1
b - Mephitic Cloud        Conj/Pois/Air  28%        N/A       12%         3
c - Call Imp              Summ           13%        N/A       11%         2
d - Blink                 Tloc           N/A        N/A       11%         2
e - Conjure Flame         Conj/Fire      34%        6-21      9%          3
f - Shock                 Conj/Air       100%       1d9       3%          1

Your spell library contained the following spells:

 Spells                   Type           Power      Damage    Failure   Level
 Freeze                   Ice            32%        1d5       11%         1
 Ensorcelled Hibernation  Hex/Ice        16%        N/A       17%         2
 Slow                     Hex            8%         N/A       17%         2
 Frozen Ramparts          Ice            16%        1d3       32%         3
 Ozocubu's Armour         Ice            8%         N/A       32%         3
 Hailstorm                Conj/Ice       26%        3d7       43%         4
 Metabolic Englaciation   Hex/Ice        4%         N/A       97%         5


Dungeon Overview and Level Annotations

Branches:
Dungeon (5/15)             Temple (1/1) D:4

Altars:
Ashenzari
Cheibriados
Dithmenos
Gozag
Hepliaklqana
Kikubaaqudgha
Makhleb
Nemelex Xobeh
Okawaru
Qazlal
Sif Muna
Vehumet
The Shining One

Annotations:
D:4 1 transporter


Message History

You feel sick.
The gnoll sergeant zombie hits you from afar with a +2 trident of venom.
The orc warrior zombie hits you but does no damage.
You are more poisoned.
The fire ignites!
You feel sick.
There is a transporter landing site here.
Really walk into that cloud of flame?
Okay, then.
Unknown command.
You feel sick.
You barely miss the orc warrior zombie.
You feel sick.
The orc warrior zombie is engulfed in blazing flames.
The orc warrior zombie closely misses you.
Your magical contamination has completely faded away.
Unknown command.
You barely miss the orc warrior zombie.
The orc warrior zombie is severely damaged.
You feel sick.
The gnoll sergeant zombie hits you from afar with a +2 trident of venom.
The orc warrior zombie is engulfed in blazing flames.
You destroy the orc warrior zombie!
Vehumet accepts your kill.
You feel sick.
The gnoll sergeant zombie hits you from afar with a +2 trident of venom.
You feel sick.
The gnoll sergeant zombie hits you from afar with a +2 trident of venom.
You feel sick.
The gnoll sergeant zombie hits you from afar with a +2 trident of venom.
You are more poisoned.
You feel very sick.
The gnoll sergeant zombie hits you from afar with a +2 trident of venom.
Really walk into a travel-excluded area?
You are engulfed in poison gas.
You are lethally poisoned!
* * * LOW HITPOINT WARNING * * *
x2 You feel very sick.
Unknown command.
Unknown command.
You die...

#.###............. #.#
#..###########
##.###..# ###
#....##.# #.#
#.©..##.# ###.###
#########># #.#.#.#
#○☼○○○°○#.###.#.#.###
#°.☼○○○☼#.)..........
#°○#@#☼☼#.###.###.#..
#○°.§.☼.### #.# #.#.#
#### #○☼#Z#☼○# #.#
#.#.# ...# #☼○Z..○°#
#.###.#.# ##.#
####○○°#######.#......
#.#
#○.○☼☼☼☼.○##......####
#.#
#.○○○°○○..##......#
#.#
#○°°...☼○☼##......#
#.#
#○°.$!$°○○####..#.#


You could see 2 gnoll sergeant zombies.

Vanquished Creatures
  Sigmund (D:2)
  A necrophage (D:4)
  A centaur (D:5)
  A hound (D:5)
  A gnoll shaman (D:4)
  An orc priest (D:4)
  Jessica (D:2)
  An iguana (D:4)
  11 orc wizards (D:4)
  4 gnolls (D:4)
  3 adders (D:2)
  An orc zombie (D:4)
  An ufetubus (D:4)
  A worm (D:2)
  3 dart slugs (D:4)
  5 orcs (D:4)
  An endoplasm (D:2)
  3 giant cockroaches
  9 goblins
  2 hobgoblins (D:1)
  16 kobolds
  5 quokkas
  8 ball pythons
  5 bats
  4 frilled lizards
  A jackal skeleton (D:4)
  A rat (D:1)
92 creatures vanquished.

Vanquished Creatures (others)
  6 plants (D:1)
6 creatures vanquished.

Grand Total: 98 creatures vanquished

Notes
Turn   | Place    | Note
-------+----------+-------------------------------------------
     0 | D:1      | pokeman the Deep Elf Hedge Wizard began the quest for the
                  | Orb.
     0 | D:1      | Reached XP level 1. HP: 10/10 MP: 7/7
   364 | D:1      | Reached XP level 2. HP: 15/16 MP: 0/9
  1045 | D:1      | Reached skill level 5 in Spellcasting
  1085 | D:1      | Found a faded altar of an unknown god.
  1455 | D:2      | Reached XP level 3. HP: 20/20 MP: 6/11
  1459 | D:2      | Learned a level 3 spell: Mephitic Cloud
  1462 | D:2      | Learned a level 2 spell: Call Imp
  1465 | D:2      | Learned a level 2 spell: Blink
  1469 | D:2      | Learned a level 3 spell: Conjure Flame
  1663 | D:2      | Reached skill level 1 in Fighting
  1663 | D:2      | Reached skill level 1 in Armour
  1952 | D:2      | Noticed Jessica
  1960 | D:2      | Killed Jessica
  1961 | D:2      | Reached XP level 4. HP: 16/25 MP: 4/13
  2083 | D:2      | Identified Jessica's Volume of the Oath
  2201 | D:2      | Noticed Sigmund
  2216 | D:2      | Killed Sigmund
  2217 | D:2      | Reached skill level 6 in Spellcasting
  2217 | D:2      | Reached XP level 5. HP: 7/29 MP: 4/16
  3109 | D:3      | Reached XP level 6. HP: 34/34 MP: 15/17
  3577 | D:4      | Found a transporter.
  3886 | D:4      | Reached skill level 7 in Spellcasting
  4065 | D:4      | Reached skill level 1 in Air Magic
  4184 | D:4      | Found a staircase to the Ecumenical Temple.
  4206 | Temple   | Entered the Ecumenical Temple
  4533 | D:4      | Reached skill level 1 in Poison Magic
  4638 | D:4      | Found a transporter.
  4748 | D:4      | Reached XP level 7. HP: 38/38 MP: 7/20
  4841 | D:4      | Found a radiant altar of Vehumet.
  4867 | D:4      | Reached skill level 8 in Spellcasting
  4943 | D:4      | Identified Vehumet's Grimoire of Attacks
  4945 | D:4      | Became a worshipper of Vehumet
  4948 | D:4      | Learned a level 1 spell: Shock
  5040 | D:4      | Found an ancient bone altar of Kikubaaqudgha.
  5046 | D:4      | Reached skill level 1 in Evocations
  5075 | D:4      | Found a shimmering blue altar of Sif Muna.
  5195 | D:4      | You fall into a shaft and drop 1 floor!
  5195 | D:5      | Entered Level 5 of the Dungeon
  5422 | D:4      | Succumbed to poison (poison gas)

Illustrated notes

Levels and vault maps discovered:
D:1:      ncdulo_watergridlock, layout_basic,
          hellmonk_ecumenical_altar_inner_sanctum, serial_forest,
          infiniplex_forest_lined_room_3, infiniplex_forest_lined_corner,
          infiniplex_forest_clump_double, infiniplex_forest_clump_curved,
          infiniplex_forest_clump_cross, infiniplex_forest_lined_2,
          infiniplex_forest_straight_3
D:2:      layout_basic, kennysheep_jessica_study, uniq_sigmund
D:3:      layout_basic, minmay_goblin_kobold_house
D:4:      gammafunk_cloud_chamber, layout_basic, palyth_temple_overflow_mages,
          temple_doors_e
D:5:      layout_loops_ring, minmay_large_rounded_square, uniq_edmund,
          uniq_duvessa
Temple:   zaba_magenta_temple

Skill      XL: |  1  2  3  4  5  6  7 |
---------------+----------------------+-----
Spellcasting   | 5 6 7 8 |  8.5
Fighting       | 1 |  1.3
Armour         | 1 |  1.0
Conjurations   | 2 3 4 |  4.2
Dodging        | 3 4 |  4.0
Fire Magic     | 2 |  2.4
Air Magic      | 1 |  1.0
Poison Magic   | 1 2 |  2.0
Stealth        | 3 |  3.0
Evocations     | 1 |  1.0
Summonings     | |  1.1
Translocations | |  1.1

Action                   |  1- 3 |  4- 6 |  7- 9 || total
-------------------------+-------+-------+-------++-------
Melee: Dagger            |       |     3 |       ||     3
       Staff             |       |     4 |    14 ||    18
 Cast: Magic Dart        |   110 |   105 |    33 ||   248
       Mephitic Cloud    |       |     4 |     4 ||     8
       Conjure Flame     |       |     3 |     1 ||     4
       Call Imp          |       |     2 |     1 ||     3
       Shock             |       |       |     7 ||     7
Armor: Leather armour    |     4 |    10 |    14 ||    28
Dodge: Dodged            |    14 |    15 |    15 ||    44
       Repelled          |       |     4 |       ||     4

Table legend: (Time is in decaauts)
 A = Elapsed time spent in this place.
 B = Non-inter-level travel time spent in this place.
 C = Inter-level travel time spent in this place.
 D = Time resting spent in this place.
 E = Time spent auto-exploring this place.
 F = Levels seen in this place.
 G = Mean time per level.
                   A        B        C        D        E       F      G
               +--------+--------+--------+--------+--------+-----+--------+
         Total |   5426 |   5181 |    245 |    174 |   4308 |   6 |  904.3 |
       Dungeon |   5352 |   5125 |    227 |    174 |   4254 |   5 | 1070.4 |
        Temple |     73 |     55 |     18 |      0 |     54 |   1 |   73.0 |
               +--------+--------+--------+--------+--------+-----+--------+

Top non-repeatable levels by time:
     D:4: 1505 daAuts
     D:1: 1421 daAuts
     D:2: 1253 daAuts
     D:3: 1000 daAuts
     D:5: 170 daAuts
  Temple: 73 daAuts
